 Dungeon Sprint DCSS version 0.30.1-9-gdf580d7c3d (webtiles) character file.

Game seed: 10927475764416924229

238 boopmooplesden the Carver (level 5, -15/85 HPs)
             Began as a Minotaur Berserker on Sept 27, 2023.
             Was a Priest of Trog.
             Demolished by a sun demon (19 damage)
             ... summoned by a kobold demonologist
             ... in the Dungeon (Sprint IX: "|||||||||||||||||||||||||||||").
             The game lasted 00:00:44 (202 turns).

boopmooplesden the Carver (Minotaur Berserker)       Turns: 202, Time: 00:00:44

Health: -15/85     AC: 11    Str: 27    XL:     5   Next: 78%
Magic:  4/4        EV: 12    Int:  4    God:    Trog [***...]
Gold:   0          SH:  0    Dex:  9    Spells: 4/4 levels left

rFire   . . .        k - +2 scimitar (flame)
rCold   . . .        (no shield)
rNeg    . . .        m - +2 ring mail
rPois   .            (helmet restricted)
rElec   .            l - +0 cloak
rCorr   .            (no gloves)
SInv    .            (no boots)
Will    .....        (no amulet) Stlth
                     o - +3 ring of strength
HPRegen 0.34/turn    n - +2 ring of protection
MPRegen 0.09/turn

%: no teleportation
@: berserking, slowed
A: horns 2, retaliatory headbutt
a: Renounce Religion, Berserk, Trog's Hand


You were in the Dungeon.
You worshipped Trog.
Trog was most pleased with you.
You visited 1 branch

Inventory:

Hand Weapons
 a - a +0 falchion
 k - a +2 scimitar of flaming (weapon)
Armour
 b - a +0 animal skin
 l - a +0 cloak (worn)
 m - a +2 ring mail (worn)
Jewellery
 n - a +2 ring of protection (right hand)
 o - a +3 ring of strength (left hand)
Wands
 j - a wand of roots (10)
Scrolls
 h - 2 scrolls of blinking
Potions
 c - 5 potions of curing
 d - 3 potions of heal wounds
 e - a potion of haste
 f - 4 potions of magic
 g - a potion of berserk rage
 i - a potion of invisibility


   Skills:
 + Level 9.4 Fighting
 + Level 9.8 Long Blades
 + Level 4.8 Armour
 + Level 5.6 Dodging


You had 4 spell levels left.
You didn't know any spells.
Your spell library was empty.

Dungeon Overview and Level Annotations

Branches:
Dungeon (1/1)

Altars:
Cheibriados
Dithmenos
Elyvilon
Fedhas
Gozag
Hepliaklqana
Kikubaaqudgha
Makhleb
Nemelex Xobeh
Okawaru
Qazlal
Ru
Sif Muna
Trog
Uskayaw
Vehumet
Wu Jian
Xom
Yredelemnul
Zin
The Shining One
Jiyva
Lugonu


Innate Abilities, Weirdness & Mutations

You have a pair of horns on your head.
You reflexively headbutt those who attack you in melee.


Message History

The kobold demonologist gestures wildly while chanting.
The wraith hits you! The wraith drains your vigour!
You feel yourself slow down.
You slash the wraith! You burn the wraith. You headbutt the wraith!
The wraith is severely damaged.
The wraith hits you. The wraith drains your vigour!
You feel as though you will be slow longer.
The wraith hits you. The wraith drains your vigour!
You feel as though you will be slow longer.
The howler monkey hoots and howls with incredible vigour!
The kobold demonologist gestures wildly while chanting.
You slash the wraith! You burn the wraith.
You destroy the wraith!
Trog accepts your kill.
Your Fighting skill gained 2 levels and is now at level 9!
Your Long Blades skill gained 2 levels and is now at level 9!
Your Armour skill increases to level 4!
Your Dodging skill increases to level 5!
You have reached level 5!
You completely miss the sun demon.
You headbutt the sun demon, but do no damage.
The sun demon barely misses you. You furiously retaliate!
You headbutt the sun demon. You closely miss the sun demon.
You headbutt the sun demon.
The sun demon is lightly wounded.
The kobold demonologist mumbles some strange words.
The sun demon hits you!
You are engulfed in flames!
You hit the sun demon.
The sun demon is lightly wounded.
The sun demon hits you!
You are engulfed in flames!
* * * LOW HITPOINT WARNING * * *
You slash the sun demon!
The sun demon is moderately wounded.
The sun demon hits you but does no damage.
You slash the sun demon! You headbutt the sun demon!
The sun demon is severely wounded.
The sun demon barely misses you. The sun demon hits you!
* * * LOW HITPOINT WARNING * * *
You are engulfed in flames!!
You die...

▓.▓
▓?▓
▓)▓
▓.▓
▓.▓
▓[▓
▓.▓
▓.▓
▓@▓
▓3▓
▓Y▓
▓5▓
▓K▓
▓O▓
▓c▓
▓h▓


You could see a two-headed ogre, a sun demon (summoned), a kobold demonologist,
a yak, a centaur, a howler monkey and a white imp (summoned).

Vanquished Creatures
  A wraith (D)
  A hound (D)
  An iguana (D)
  A sleepcap (D)
  An ufetubus (D)
  An orc (D)
  A goblin (D)
  A hobgoblin (D)
  A frilled lizard (D)
  2 rats (D)
11 creatures vanquished.

Notes
Turn   | Place    | Note
-------+----------+-------------------------------------------
     0 | D        | boopmooplesden the Minotaur Berserker began the quest for
                  | the Orb.
     0 | D        | Reached XP level 1. HP: 19/19 MP: 0/0
    14 | D        | Reached ** piety under Trog
    98 | D        | Noticed a hound
    98 | D        | Noticed an iguana
    98 | D        | Noticed a sleepcap
   100 | D        | Killed a hound
   101 | D        | Reached skill level 5 in Fighting
   101 | D        | Reached skill level 5 in Long Blades
   101 | D        | Reached XP level 2. HP: 30/30 MP: 1/1
   101 | D        | Reached XP level 3. HP: 37/37 MP: 2/2
   101 | D        | Reached *** piety under Trog
   106 | D        | Reached XP level 4. HP: 47/47 MP: 3/3
   115 | D        | Found a snail-covered altar of Cheibriados.
   115 | D        | Found a shadowy altar of Dithmenos.
   115 | D        | Found a white marble altar of Elyvilon.
   115 | D        | Found a blossoming altar of Fedhas.
   115 | D        | Found an opulent altar of Gozag.
   116 | D        | Found a hazy altar of Hepliaklqana.
   117 | D        | Found a viscous altar of Jiyva.
   118 | D        | Found an ancient bone altar of Kikubaaqudgha.
   119 | D        | Found a corrupted altar of Lugonu.
   120 | D        | Found a burning altar of Makhleb.
   121 | D        | Found a sparkling altar of Nemelex Xobeh.
   122 | D        | Found an iron altar of Okawaru.
   123 | D        | Found a stormy altar of Qazlal.
   124 | D        | Found a sacrificial altar of Ru.
   125 | D        | Found a shimmering blue altar of Sif Muna.
   126 | D        | Found a bloodstained altar of Trog.
   127 | D        | Found a hide-covered altar of Uskayaw.
   128 | D        | Found a radiant altar of Vehumet.
   129 | D        | Found an ornate altar of the Wu Jian Council.
   130 | D        | Found a shimmering altar of Xom.
   131 | D        | Found a basalt altar of Yredelemnul.
   132 | D        | Found a glowing silver altar of Zin.
   133 | D        | Found a glowing golden altar of the Shining One.
   194 | D        | Noticed a wraith
   194 | D        | Noticed a yak
   194 | D        | Noticed a kobold demonologist
   194 | D        | Noticed a centaur
   194 | D        | Noticed a two-headed ogre
   196 | D        | Noticed a sun demon
   197 | D        | Killed a wraith
   198 | D        | Reached skill level 5 in Dodging
   198 | D        | Reached XP level 5. HP: 57/57 MP: 4/4
   202 | D        | HP: 4/85 [sun demon[a kobold demonologist] (12)]
   202 | D        | Demolished by a sun demon

Illustrated notes

Levels and vault maps discovered:
D:        linesprint [early_d, line_temple, items_1, d_10, items_2, lair_1,
          lair_end, items_3, orc_1, orc_end, items_4, d_15, swamp_1, shoals_1,
          snake_1, spider_1, d_20, vaults_1, items_5, swamp_end, shoals_end,
          snake_end, spider_end, vaults_end, d_27, items_6, zot_1, zot_end,
          crypt_end, forest_end, elf_end, slime_end, tomb_end, abyss_end,
          pan_hell_end]

Skill      XL: |  1  2  3  4 |
---------------+-------------+-----
Fighting       | 5 7 9 |  9.4
Long Blades    | 5 7 9 |  9.8
Armour         | 3 4 |  4.8
Dodging        | 3 4 5 |  5.6

Action                     |  1- 3 |  4- 6 || total
---------------------------+-------+-------++-------
  Melee: Falchion          |    25 |     3 ||    28
         Headbutt          |     1 |     5 ||     6
         Scimitar          |       |     7 ||     7
 Invoke: Berserk           |     1 |     1 ||     2
 Armour: Animal skin       |     1 |       ||     1
         Ring mail         |       |     1 ||     1
  Dodge: Dodged            |    12 |     4 ||    16
